 Dungeon Crawl Stone Soup version 0.29.0-10-g45618ea6d2 (webtiles) character file.

Game seed: 694277580305539034

21 Ge0ff the Conjurer (level 3, 0/28 HPs)
             Began as a Meteoran Conjurer on Sept 1, 2022.
             Slain by an adder (4 damage)
             ... on level 3 of the Dungeon.
             The game lasted 00:02:21 (400 turns).

Ge0ff the Conjurer (Meteoran Conjurer)               Turns: 400, Time: 00:02:22

Health: 0/28       AC:  2    Str:  8    XL:     3   Next: 17%
Magic:  8/8        EV: 12    Int: 22    God:
Gold:   15         SH:  0    Dex: 12    Spells: 5/8 levels left

rFire   . . .      SeeInvis .   N - staff of death
rCold   . . .      Faith    .   (no shield)
rNeg    + . .      Spirit   .   a - +0 robe
rPois   .          Reflect  .   (no helmet)
rElec   .          Harm     .   (no cloak)
rCorr   .          Rampage  .   (no gloves)
Will    .....                   (no boots)
Stlth   +.........              (no amulet)
HPRegen 0.09/turn               (no ring)
MPRegen 0.11/turn               (no ring)

@: glowing
A: sense surroundings 1, otherworldly, glowing, explore regen
a: no special abilities


You were on level 3 of the Dungeon.
You visited 1 branch of the dungeon, and saw 3 of its levels.

You collected 15 gold pieces.

Inventory:

Armour
 a - a +0 robe (worn)
 L - a +0 leather armour
Magical Staves
 N - a staff of death (weapon)
Potions
 K - a potion of magic {!q}
 M - 3 potions of might {unknown}
 O - a potion of degeneration {unknown}
 P - a potion of curing {unknown}
 Q - a potion of mutation {unknown}


   Skills:
 - Level 1.0 Fighting
 - Level 2.4 Dodging
 - Level 1.4 Stealth
 + Level 3.1 Spellcasting
 + Level 5.1 Conjurations
 + Level 1.3 Translocations


You had 5 spell levels left.
You knew the following spells:

 Your Spells              Type           Power      Damage    Failure   Level
j - Searing Ray           Conj           50%        2d6       2%          2
k - Magic Dart            Conj           100%       1d8       1%          1

Your spell library contained the following spells:

 Spells                   Type           Power      Damage    Failure   Level
 Dazzling Flash           Conj/Hex       28%        N/A       13%         3
 Iskenderun's Mystic Bla  Conj/Tloc      17%        2d5       32%         4
 Fulminant Prism          Conj/Hex       7%         3d7       38%         4


Dungeon Overview and Level Annotations

Branches:
Dungeon (2/15) Zot: 1393

Altars:


Innate Abilities, Weirdness & Mutations

You passively map a small area around you.
You are easily found by Zot.
You glow in the dark.
You regain HP and MP as you explore.


Message History

The shaft crumbles and collapses.
HP restored.
Found 5 gold pieces and a scroll of teleportation.
T - a scroll of teleportation
As you read the scroll of teleportation, it crumbles to dust.
You feel strangely unstable.
You now have 15 gold pieces (gained 5).
Your surroundings suddenly seem different.
An adder comes into view.
Found a club and 6 stones.
The adder hisses angrily.
A rat comes into view.
A frilled lizard and a kobold come into view.
The frilled lizard hisses angrily.
The kobold shouts!
The adder closely misses you. The adder bites you.
The kobold closely misses you. The rat bites you. The rat closely misses you.
The frilled lizard misses you.
The kobold hits you with a +0 short sword.
The rat attacks as you move away! The rat bites you.
The frilled lizard misses you. The adder bites you.
The kobold hits you with a +0 short sword.
The frilled lizard attacks as you move away!
The frilled lizard bites you. The kobold attacks as you move away!
The kobold hits you with a +0 short sword.
The adder attacks as you move away! The adder bites you.
The frilled lizard attacks as you move away!
The frilled lizard bites you but does no damage.
Found a trident.
The kobold attacks as you move away!
The kobold hits you with a +0 short sword.
The adder attacks as you move away! The adder bites you.
The adder bites you but does no damage. The kobold attacks as you move away!
The kobold hits you with a +0 short sword.
The adder attacks as you move away! The adder bites you.
The kobold attacks as you move away!
The kobold hits you with a +0 short sword.
The adder barely misses you. The adder closely misses you.
The frilled lizard bites you.
* * * LOW HITPOINT WARNING * * *
The kobold closely misses you. The adder bites you but does no damage.
The frilled lizard bites you.
* * * LOW HITPOINT WARNING * * *
The kobold barely misses you. The adder bites you but does no damage.
The frilled lizard bites you.
* * * LOW HITPOINT WARNING * * *
The kobold misses you. The adder bites you.
You die...

* * #..* ... , #.)
#.# #.###.########
#......#.....## *
##.............####.
#...................
#...l...........# *
#..@Sr..........#
#...K...........#
#..........)....#
##..........(..##
##.....#.....##
#############


You could see an adder, a kobold, a frilled lizard and a rat.

Vanquished Creatures
  A gnoll (D:1)
  A giant cockroach (D:1)
  A goblin (D:1)
  A hobgoblin (D:1)
  A ball python (D:1)
  3 bats (D:1)
  2 frilled lizards (D:1)
  4 rats (D:1)
14 creatures vanquished.

Notes
Turn   | Place    | Note
-------+----------+-------------------------------------------
     0 | D:1      | Ge0ff the Meteoran Conjurer began the quest for the Orb.
     0 | D:1      | Reached XP level 1. HP: 14/14 MP: 5/5
   169 | D:1      | Reached XP level 2. HP: 19/22 MP: 3/6
   174 | D:1      | Learned a level 2 spell: Searing Ray
   202 | D:1      | Reached skill level 1 in Fighting
   202 | D:1      | Reached skill level 5 in Conjurations
   202 | D:1      | Reached skill level 1 in Translocations
   241 | D:1      | Reached XP level 3. HP: 28/28 MP: 3/8
   374 | D:2      | You fall into a shaft and drop 1 floor!
   400 | D:3      | Slain by an adder

Illustrated notes

Levels and vault maps discovered:
D:1:      zaba_arrival_water, layout_loops_ring, minmay_3d_cube
D:2:      layout_basic, serial_shops, nicolae_shop_behind_doors
D:3:      layout_rooms

Skill      XL: |  1  2 |
---------------+-------+-----
Fighting       | 1 |  1.0
Spellcasting   | 3 |  3.1
Conjurations   | 5 |  5.1
Translocations | 1 |  1.3
Dodging        | |  2.4
Stealth        | |  1.4

Action                   || total
-------------------------++-------
 Cast: Magic Dart        ||    21
       Searing Ray       ||     1
  Use: Scroll            ||     5
Armor: Robe              ||     5
Dodge: Dodged            ||    14
